Unix NetHack Version 5.0.0-0 post-release - last build May 10 2026 23:12:36 (d1fa5d53e341ca933230fdaa984d921c805b60aa,branch:main).

Game began 2026-05-12 12:53:37, ended 2026-05-12 13:23:51.

Drastanta, chaotic male human Wizard

     ------
     |..<..####
     |....|
     |....|       -----  #################### ##    -------------
     |....|       |...|  #      #              #####.............
     --.---       |...|###                     ###  |...........|
      #####       |...|#                            ...%.....@..|
      #   ##      |...|#        #                   -------------
      #    #####  |)...##########
      #        #  -.---#        #
      #        #######          #
      #       ##                #
      #                         #
      #                         #
     -|--.-----------        ####
     |.............>.#########
     |..............|
     ----------------

Drastanta the Thaumaturge  St:12 Dx:13 Co:12 In:18 Wi:10 Ch:12  Chaotic
Dlvl:6  $:65 HP:0(45) Pw:41(55) AC:9  Xp:6 T:2810  Blind Deaf

Latest messages:
 You feel a bit steadier now.
 Pick a monster, object or location.
 The kitten misses the white unicorn.
 In what direction? 4
 The spell hits the rothe!
 A door appears in the wall!
 The door crashes open!
 In what direction? 4
 The spell hits the rothe!
 You kill the rothe!
 The white unicorn butts!
 The white unicorn kicks!
 The white unicorn butts!
 The white unicorn kicks!
 In what direction? 1
 The spell hits the white unicorn!
 The white unicorn resists!
 You are momentarily blinded by a flash of light!
 You hear a deafening roar!
 Are you sure you want to pray? [yn] (n) y
 You begin praying to Anhur.
 You feel something move nearby.
 You feel something move nearby.
 You feel something move nearby.
 You feel something move nearby.
 You feel something move nearby.
 You feel something move nearby.
 You feel something move nearby.
 You feel something move nearby.
 You feel something move nearby.
 You feel something move nearby.
 You feel something move nearby.
 You finish your prayer.
 You feel that Anhur is well-pleased.
 You feel an unseen monster!
 It stings!
 It stings!
 It stings!
 It stings!
 Are you sure you want to pray? [yn] (n) y
 You begin praying to Anhur.
 It stings!
 It stings!
 It stings!
 You die...
 Do you want your possessions identified? [ynq] (y) n
 Do you want to see your attributes? [ynq] (y) n
 Do you want an account of creatures vanquished? [ynaq] (y) y
 Do you want to see your conduct and achievements? [ynq] (y) y
 Do you want to see the dungeon overview? [ynq] (y) y

Inventory:
 Coins    ('$')
  $ - 65 gold pieces
 Weapons  (')')
  a - a blessed +1 quarterstaff (weapon in hands)
 Armor    ('[')
  y - an uncursed +0 pair of jumping boots
  w - an uncursed +1 pair of low boots
  b - an uncursed +0 cloak of magic resistance (being worn)
 Comestibles  ('%')
  J - an uncursed slime mold
  A - 3 uncursed food rations
  v - an uncursed melon
 Scrolls  ('?')
  I - 4 uncursed scrolls of blank paper
  r - a blessed scroll of create monster
  x - a blessed scroll of earth
  p - an uncursed scroll of enchant armor
  H - an uncursed scroll of enchant armor
  u - an uncursed scroll of gold detection
  j - an uncursed scroll of identify
  B - a cursed scroll of identify
  C - an uncursed scroll of light
  k - an uncursed scroll of scare monster
 Spellbooks  ('+')
  m - an uncursed spellbook of detect food
  l - a blessed spellbook of force bolt
 Potions  ('!')
  f - an uncursed potion of booze
  t - an uncursed potion of hallucination
  F - an uncursed potion of healing
  E - an uncursed potion of sickness
  h - an uncursed potion of speed
  g - 2 uncursed potions of water
 Rings    ('=')
  D - an uncursed +2 ring of gain constitution
  d - an uncursed ring of stealth (on right hand)
  e - an uncursed ring of teleportation
 Wands    ('/')
  c - a wand of slow monster (0:8)
 Tools    ('(')
  n - a magic marker (0:22)

Drastanta the Wizard's attributes:

Background:
 You were a Thaumaturge, a level 6 male human Wizard.
 You were chaotic, on a mission for Anhur
 who was opposed by Ptah (lawful) and Thoth (neutral).
 You were right-handed.
 You were in the Dungeons of Doom, on level 6.
 You entered the dungeon 2810 turns ago.
 You had 367 experience points, 273 more were needed to attain level 7.

Basics:
 You had 0 out of 45 hit points.
 You had 41 out of 55 energy points (spell power).
 Your armor class was 9.
 Your wallet contained 65 zorkmids.
 Autopickup was off.

Final Characteristics:
 Your strength was 12 (limit:18/100).
 Your dexterity was 13 (limit:18).
 Your constitution was 12 (limit:18).
 Your intelligence was 18 (limit:18).
 Your wisdom was 10 (limit:18).
 Your charisma was 12 (limit:18).

Final Status:
 You were temporarily blind.
 You were deaf.
 You weren't hungry.
 You were unencumbered.
 You were wielding a quarterstaff.
 You had basic skill with quarterstaff.

Final Attributes:
 You were piously aligned.
 You were magic-protected.
 You were stealthy.
 You were warded.
 You are dead.

Miscellaneous:
 You didn't encounter any bones levels.
 Total elapsed playing time was 30 minutes and 14 seconds.

Major events:
 Turn
    1: Drastanta the chaotic male human Wizard entered the dungeon
  532: attained the rank of Conjurer (level 3)
 1639: entered the Gnomish Mines
 2595: attained the rank of Thaumaturge (level 6)
 2810: killed by a killer bee, while praying

Spells:
 Name                 Level Category     Fail Retention
 force bolt             1   attack         0%   81%-90%
 detect food            2   divination    31%  76%-100%

Skills:
 Fighting Skills
   bare handed combat [Unskilled]
   riding             [Unskilled]
 Weapon Skills
   dagger             [Unskilled]
   knife              [Unskilled]
   axe                [Unskilled]
   short sword        [Unskilled]
   club               [Unskilled]
   mace               [Unskilled]
   quarterstaff       [Basic]
   polearms           [Unskilled]
   spear              [Unskilled]
   trident            [Unskilled]
   sling              [Unskilled]
   dart               [Unskilled]
   shuriken           [Unskilled]
 Spellcasting Skills
   attack spells      [Basic]
   healing spells     [Unskilled]
   divination spells  [Unskilled]
   enchantment spells [Basic]
   clerical spells    [Unskilled]
   escape spells      [Unskilled]
   matter spells      [Unskilled]

Voluntary challenges:
 Character rerolling was not enabled.
 You never genocided any monsters.
 You never polymorphed an object.
 You never changed form.
 You used no wishes.
Achievements:
 You attained the rank of Conjurer.
 You entered a shop.
 You entered the Gnomish Mines.
 You attained the rank of Thaumaturge.

 The Dungeons of Doom: levels 1 to 6
    Level 1:
       A grave.
    Level 2:
       A general store.
    Level 3:
       An altar, some fountains.
       Stairs down to The Gnomish Mines.
    Level 4:
    Level 5:
    Level 6: <- You were here.
       Final resting place for
          you, killed by a killer bee, while praying.
 The Gnomish Mines:
    Level 4:


Vanquished creatures:
  2 small mimics
  2 leprechauns
  a housecat
  a wood nymph
  a water nymph
  2 fog clouds
  a kobold mummy
  a guardian naga hatchling
  a paper golem
  a little dog
  2 floating eyes
  a kobold leader
  a rothe
 an orc zombie
  a dwarf zombie
  a wererat
  a manes
  2 giant rats
  a garter snake
  2 geckos
 10 jackals
  a fox
  a kobold
  6 goblins
  2 sewer rats
  7 grid bugs
  3 lichens
  2 kobold zombies
  5 newts
63 creatures vanquished.

No species were genocided or became extinct.

Game over:
                       ----------
                      /          \
                     /    REST    \
                    /      IN      \
                   /     PEACE      \
                  /                  \
                  |    Drastanta     |
                  |      65 Au       |
                  |   killed by a    |
                  |    killer bee    |
                  |                  |
                  |                  |
                  |       2026       |
                 *|     *  *  *      | *
        _________)/\\_//(\/(/\)/\//\/|_)_______

Goodbye Drastanta the Wizard...

You died in The Dungeons of Doom on dungeon level 6 with 1777 points,
and 65 pieces of gold, after 2810 moves.
You were level 6 with a maximum of 45 hit points when you died.

